 Dungeon Crawl Stone Soup version 0.21-a0-185-g3a6ed1e (webtiles) character file.

521 wolfsongas the Sneak (level 7, -2/45 HPs)
             Began as an Octopode Assassin on Aug 12, 2017.
             Slain by an orc wizard
             ... wielding a +0 dagger
              (5 damage)
             ... on level 3 of the Dungeon.
             The game lasted 00:05:35 (2767 turns).

wolfsongas the Sneak (Octopode Assassin)            Turns: 2767, Time: 00:05:35

Health: -2/45      AC:  1    Str:  9 (11) XL:     7   Next: 21%
Magic:  7/7        EV: 13    Int: 11 (13) God:
Gold:   123        SH:  0    Dex: 13 (15) Spells: 6/6 levels left

rFire    . . .     SeeInvis .   a - +2 dagger
rCold    . . .     Gourm    .   (no shield)
rNeg     . . .     Faith    .   (helmet restricted)
rPois    .         Spirit   .   (no amulet)
rElec    .         Reflect  .   e - ring of protection from magic
rCorr    .         Harm     .   h - ring of flight
MR       +....                  (no ring)
Stlth    +++++.....             (no ring)
HPRegen  0.15/turn              (no ring)
MPRegen  0.10/turn              (no ring)
                                (no ring)
                                (no ring)

@: no status effects
A: almost no armour, stealthy swim, amphibious, 8 rings, constrict 8, camouflage
1, gelatinous body 1
a: Evoke Flight


You were on level 3 of the Dungeon.
You were not hungry.

You visited 1 branch of the dungeon, and saw 3 of its levels.

You collected 123 gold pieces.

Inventory:

Hand Weapons
 a - a +2 dagger (weapon)
 b - a +0 blowgun
 j - a +2 dagger of distortion
Missiles
 c - 8 poisoned needles
 d - 2 curare-tipped needles
Jewellery
 e - a ring of protection from magic (left tentacle)
 h - a ring of flight (right tentacle)
Scrolls
 k - a scroll of identify
 l - 4 scrolls of remove curse
Comestibles
 f - a royal jelly
 i - 2 meat rations
 m - 2 chunks of flesh
 p - 2 bread rations


   Skills:
 - Level 2.0 Fighting
 * Level 6.4 Short Blades
 - Level 2.0 Throwing
 - Level 1.0 Dodging
 + Level 7.9 Stealth


You had 6 spell levels left.
You didn't know any spells.

Dungeon Overview and Level Annotations

Branches:
Dungeon (3/15)

Altars:


Innate Abilities, Weirdness & Mutations

You cannot wear most types of armour.
You are very stealthy in the water. (Stealth+)
You are amphibious.
You can wear up to eight rings at the same time.
You can use your tentacles to constrict eight enemies at once.
Your skin changes colour to match your surroundings (Stealth+).
Your rubbery body absorbs attacks. (AC +1, EV +1)


Message History

You hit the orc priest.
The orc priest is heavily wounded.
You constrict the orc priest. The orc barely misses you. The orc misses you.
Some of the chunks of flesh in your inventory have rotted away.
You hit the orc priest. You squeeze the orc priest.
The orc priest is almost dead.
You constrict the orc priest. The orc priest barely misses you.
The orc hits you.
* * * LOW HITPOINT WARNING * * *
The orc hits you from afar with a trident!
* * * LOW HITPOINT WARNING * * *
You hit the orc priest but do no damage.
The orc priest is almost dead.
You constrict the orc priest.
You kill the orc priest!
You hit something. You squeeze something. The orc hits you.
* * * LOW HITPOINT WARNING * * *
The orc closely misses you.
You closely miss something. Something hits you.
You die...

.##.....###....##..........
#.....># #.######.........
........###.# ###.........
...###..##..####...).......
####...##.###....)...$....
#...................$...
...........##.....<.....
........................
#....)@...####.........
......o...## ##........
#......o..... .#......#
.....######.###.......##
....# ......####... .#.#
..$.. ##. ... #.. .. .#


You could see 2 orcs.

Vanquished Creatures
  Sigmund (D:2)
  A phantom (D:3)
  An orc priest (D:3)
  2 orc wizards (D:3)
  Jessica (D:2)
  Robin (D:2)
  5 adders
  An ooze (D:3)
  A worm (D:2)
  3 dart slugs
  A leopard gecko (D:2)
  4 orcs
  A ball python (D:1)
  2 giant cockroaches
  13 goblins
  13 hobgoblins
  14 jackals
  A quokka (D:3)
  2 bats
  2 frilled lizards
  8 kobolds
  7 rats
  2 plants (D:1)
87 creatures vanquished.

Vanquished Creatures (others)
  An orc (D:3)
1 creature vanquished.

Grand Total: 88 creatures vanquished

Notes
Turn   | Place    | Note
-------+----------+-------------------------------------------
     0 | D:1      | wolfsongas the Octopode Assassin began the quest for the Orb.
     0 | D:1      | Reached XP level 1. HP: 14/14 MP: 1/1
   102 | D:1      | Reached XP level 2. HP: 13/19 MP: 2/2
   873 | D:1      | Reached XP level 3. HP: 23/24 MP: 3/3
  1263 | D:2      | Noticed Jessica
  1270 | D:2      | Killed Jessica
  1270 | D:2      | Reached XP level 4. HP: 29/29 MP: 4/4
  1295 | D:2      | Reached skill level 6 in Stealth
  1459 | D:2      | Noticed Robin
  1566 | D:2      | Killed Robin
  1783 | D:2      | Reached XP level 5. HP: 34/34 MP: 5/5
  2356 | D:2      | Noticed Sigmund
  2359 | D:2      | Killed Sigmund
  2359 | D:2      | Reached skill level 5 in Short Blades
  2359 | D:2      | Reached skill level 7 in Stealth
  2359 | D:2      | Reached XP level 6. HP: 39/39 MP: 6/6
  2465 | D:3      | Noticed a phantom
  2711 | D:3      | Killed a phantom
  2711 | D:3      | Reached XP level 7. HP: 25/45 MP: 7/7
  2767 | D:3      | Slain by an orc wizard

Vault maps used:
D:1:      roderic_crop_circles_arrival_small
D:2:      first_bread, uniq_jessica, uniq_robin, uniq_sigmund

Skill      XL: |  1  2  3  4  5  6 |
---------------+-------------------+-----
Short Blades   | 3 4 5 6 |  6.4
Stealth        | 6 7 |  7.9
Fighting       | |  2.0
Throwing       | |  2.0
Dodging        | |  1.0

Action                   |  1- 3 |  4- 6 |  7- 9 || total
-------------------------+-------+-------+-------++-------
Melee: Dagger            |   123 |   126 |     8 ||   257
       Tentacles         |    29 |    28 |     2 ||    59
       Constrict         |    20 |    32 |     1 ||    53
  Use: Scroll            |     6 |     2 |       ||     8
       Potion            |     3 |     3 |     1 ||     7
 Stab: Sleeping          |     6 |    13 |       ||    19
       Distracted        |       |     3 |       ||     3
  Eat: Chunk             |     1 |       |     1 ||     2
       Bread ration      |       |     1 |       ||     1
Armor: Skin              |     4 |     2 |       ||     6
Dodge: Dodged            |    45 |    49 |     8 ||   102
